Description

This build order works at any level, even in the grandmaster, it depends only on your luck, micro-control and understanding of the game will help you skip pvp very quickly REPLAYS: https://drop.sc/replay/20050342 https://drop.sc/replay/20050341

Build Order

Get SALT Encoding   

  13  0:00  Action, Probe  Send probe near 3rd enemy base
  15  0:12  Probe  This probe go to create gas
  15  0:26  Assimilator, Probe  
  15  0:37  Pylon  Pylon on proxy
  15  0:45  Probe  Rally point on gas
  16  0:54  Gateway  
  16  0:55  Gateway  
  16  0:56  Action  Go block 2rd gate enemy with pylon
  16  1:05  Pylon, Probe  Block pylon, Rally point on gas
  17  1:06  Action  After block 2rd gate we going back to proxy for cybernetics core
  18  1:17  Probe  
  19  1:28  Probe  After we filled the gas 3 probes you can complete 2 more probes to mineral at your request
  19  1:41  Cybernetics Core  
  21  1:42  Zealot x2 (Chrono Boost)  
  23  1:50  Pylon  Pylon under the enemy wall for batterys
  25  2:03  Zealot x2  
  27  2:22  Shield Battery x2  You can build first stalkers or batterys at your request
  27  2:37  Stalker x2 (Chrono Boost)  
  29  2:40  Action  This is where the build ends then you act on your own and create more batteries with stalkers
Spawning Tool Build Advisor. Get it on Overwolf

Go to:

Details

  • Created by: StereoClub  
  • Published on: Sep 20, 2021
  • Modified on: Mar 11, 2023
  • Patch: 4.11.0
  • Difficulty: Medium
Show
View Real Time Build Order
Export as new Build Order

Comments (3)

On March 11, 2023, 5:24 a.m., StereoClub  said:

So far there has not been a game against this build oracle counter

On Nov. 21, 2022, 2:16 a.m., Storky  said:

Oracle will deal with it

On Sept. 20, 2021, 11:07 p.m., StereoClub  said:

Have a question about build-order or wanna more replays? Write me a discord:
StereoClub#2365

Create an account to comment!